 Dungeon Crawl Stone Soup version 0.29.1-12-g30fa7ad0bf (webtiles) character file.

Game seed: 8586823786794890839

17416 nachturnus the Severer (level 12, -8/72 HPs)
             Began as a Human Fighter on Jan 1, 2023.
             Was a Believer of Hepliaklqana.
             Mangled by an eight-headed hydra (11 damage)
             ... on level 12 of the Dungeon.
             The game lasted 00:48:42 (10553 turns).

nachturnus the Severer (Human Fighter)             Turns: 10553, Time: 00:48:42

Health: -8/72      AC: 24    Str: 19    XL:     12   Next: 82%
Magic:  12/12      EV:  6    Int: 10    God:    Hepliaklqana [**....]
Gold:   1023       SH:  8    Dex: 25    Spells: 11/11 levels left

rFire   . . .      SeeInvis .   A - +4 mace (freeze)
rCold   . . .      Faith    .   c - +0 buckler
rNeg    . . .      Spirit   .   j - +0 plate armour
rPois   .          Reflect  .   J - +0 helmet
rElec   .          Harm     .   n - +2 cloak of Precision Catastrophes {Contam Will+++ Dex+5}
rCorr   +          Rampage  .   q - +1 pair of gloves
Will    +++..                   l - +1 pair of boots
Stlth   ..........              e - amulet of regeneration
HPRegen 1.02/turn               g - +6 ring of dexterity
MPRegen 0.13/turn               F - ring of resist corrosion

@: no status effects
A: reduced essence, MP-powered wands
a: Renounce Religion, Recall Ancestor, Ancestor Identity


You were on level 12 of the Dungeon.
You worshipped Hepliaklqana.
Hepliaklqana was pleased with you.
You visited 1 branch of the dungeon, and saw 13 of its levels.

You collected 1023 gold pieces.

Inventory:

Hand Weapons
 a - a +1 war axe of protection
 z - a +5 hand axe
 A - a +4 mace of freezing (weapon)
Armour
 c - a +0 buckler (worn)
 j - a +0 plate armour (worn)
 l - a +1 pair of boots (worn)
 m - a +3 scale mail of fire resistance
 n - the +2 cloak of Precision Catastrophes (worn) {Contam Will+++ Dex+5}
   (You acquired it on level 3 of the Dungeon)

   Dex:       It affects your dexterity (+5).
   Contam:    It causes magical contamination when unequipped.
   Will:      It greatly increases your willpower.
 q - a +1 pair of gloves (worn)
 J - a +0 helmet (worn)
Magical Staves
 L - a staff of death
Jewellery
 e - an amulet of regeneration (around neck)
 g - a +6 ring of dexterity (left hand)
 F - a ring of resist corrosion (right hand)
Wands
 f - a wand of digging (9)
 r - a wand of flame (28)
 I - a wand of charming (4)
 K - a wand of iceblast (3)
Scrolls
 p - 2 scrolls of noise
 s - a scroll of magic mapping
 t - a scroll of fear {unknown}
 v - a scroll of butterflies
 y - 2 scrolls of poison
 B - 2 scrolls of identify
 C - a scroll of teleportation
 D - 3 scrolls of amnesia
Potions
 b - 4 potions of attraction
 d - 4 potions of might
 h - 4 potions of magic
 i - 3 potions of brilliance
 o - 3 potions of curing
 u - a potion of lignification {unknown}
 w - a potion of invisibility
 x - 2 potions of flight
 E - a potion of ambrosia
 G - a potion of mutation


   Skills:
 - Level 3.0 Fighting
 - Level 15.0 Axes
 - Level 10.2 Armour
 + Level 10.0 Shields


You had 11 spell levels left.
You didn't know any spells.
Your spell library contained the following spells:

 Spells                   Type           Power      Damage    Failure   Level
 Dazzling Flash           Conj/Hex       0%         N/A       100%        3
 Gell's Gravitas          Tloc           0%         N/A       100%        3
 Inner Flame              Hex/Fire       0%         N/A       100%        3
 Teleport Other           Tloc           0%         N/A       100%        3
 Tukima's Dance           Hex            0%         N/A       100%        3
 Cause Fear               Hex            0%         N/A       100%        4
 Olgreb's Toxic Radiance  Pois           0%         N/A       100%        4
 Passage of Golubria      Tloc           0%         N/A       100%        4
 Agony                    Necr           0%         N/A       100%        5
 Silence                  Hex/Air        0%         N/A       100%        5
 Yara's Violent Unravell  Hex/Tmut       0%         3d3       100%        5
 Dispersal                Tloc           0%         N/A       100%        6
 Ozocubu's Refrigeration  Ice            0%         4d7       100%        7
 Discord                  Hex            0%         N/A       100%        8
 Ignition                 Fire           0%         3d3       100%        8


Dungeon Overview and Level Annotations

Branches:
Dungeon (13/15)            Temple (0/1) D:6            Lair (0/5) D:10
    Orc (0/2) D:11
 Vaults: D:13-14

Altars:
Ashenzari
Dithmenos
Fedhas
Hepliaklqana
Uskayaw
Wu Jian

Shops:
D:6 ?

Annotations:
D:13 Rupert


Innate Abilities, Weirdness & Mutations

Your life essence is reduced to manifest your ancestor. (-10% HP)
You expend magic power (3 MP) to strengthen your wands.


Message History

The eight-headed hydra barely misses you.
The eight-headed hydra bites you but does no damage.
You block the eight-headed hydra's attack.
The eight-headed hydra bites you but does no damage.
You block the eight-headed hydra's attack.
The eight-headed hydra bites you but does no damage.
The eight-headed hydra bites you!
You climb downwards.
Rupert shouts!
The queen bee buzzes angrily.
Found a scroll of magic mapping.
There is a stone staircase leading up here.
The eight-headed hydra bites you but does no damage. x2
The eight-headed hydra bites you!
* * * LOW HITPOINT WARNING * * *
The eight-headed hydra bites you!
* * * LOW HITPOINT WARNING * * *
The eight-headed hydra bites you.
* * * LOW HITPOINT WARNING * * *
You block the eight-headed hydra's attack.
The eight-headed hydra bites you but does no damage.
You block the eight-headed hydra's attack.
Rupert screams, "Die, monster!"
You climb upwards.
You feel a wave of frost pass over you.
There is an entrance to an ice cave on this level.
Hurry and find it before the portal melts!
Peasant hits the eight-headed hydra with a +0 flail!
There is a stone staircase leading down here.
As you read the scroll of summoning, it crumbles to dust.
Wisps of shadow whirl around you...
Peasant hits the eight-headed hydra with a +0 flail.
The eight-headed hydra bites you but does no damage. x2
The eight-headed hydra completely misses you.
The eight-headed hydra bites you.
* * * LOW HITPOINT WARNING * * *
The eight-headed hydra barely misses you.
The eight-headed hydra bites you but does no damage.
You block the eight-headed hydra's attack. x2
The eight-headed hydra attacks as you move away!
The eight-headed hydra bites you!
You die...

####...### ####...###
#........# #........#
#........#######+###
####........##........#
##..'........#....e....#
...##.........lWR.C....#
#####........##D@......#
#........#######'###
#........# ####..#
###+###### #....## #<#
#.#### #.# ##'#######
#.# #......... #.##
###.........
#######..####.'.........


You could see the friendly Peasant the knight, an eight-headed hydra (ally
target), a friendly cyclops (summoned), a friendly deep elf pyromancer
(summoned), a friendly basilisk (summoned) and a friendly wraith (summoned).

Vanquished Creatures
  A centaur warrior (D:7)
  A two-headed ogre (D:11)
  Urug (D:10)
  Nergalle (D:11)
  A cyclops (D:12)
  Maurice (D:10)
  An unseen horror (D:12)
  A komodo dragon (D:10)
  2 trolls
  A hornet (D:9)
  Prince Ribbit (D:7)
  A shadow (D:11)
  A vampire (D:11)
  2 wyverns (D:7)
  3 wraiths
  A steam dragon (D:7)
  3 vampire mosquitoes (D:10)
  Menkaure (D:5)
  3 water moccasins
  3 orc warriors
  5 ice beasts
  3 black bears
  7 ogres
  2 sky beasts
  2 centaurs
  3 phantoms
  A gnoll sergeant (D:9)
  5 bullfrogs
  3 scorpions
  2 water moccasin zombies (D:6)
  A necrophage (D:6)
  14 wights
  3 killer bees
  2 electric eels (D:7)
  3 bullfrog zombies (D:6)
  3 howler monkeys (D:9)
  2 centaur zombies (D:6)
  2 hounds
  4 orc priests
  3 gnoll boudas
  4 jellies
  3 iguanas
  Jessica (D:3)
  Ijyb (D:3)
  5 orc wizards
  A killer bee zombie (D:6)
  A howler monkey zombie (D:6)
  14 gnolls
  3 howler monkey skeletons (D:6)
  15 adders
  A shadow imp (D:7)
  3 white imps
  A worm (D:2)
  2 dart slugs (D:2)
  36 orcs
  14 ball pythons
  7 endoplasms
  A giant cockroach (D:2)
  4 goblins
  A hobgoblin (D:1)
  3 jackals (D:3)
  7 quokkas
  3 bats
  2 frilled lizards
  7 kobolds
  6 rats
246 creatures vanquished.

Vanquished Creatures (collateral kills)
  2 two-headed ogres (D:9)
  Lodul (D:10)
  An ugly thing (D:11)
  A manticore (D:11)
  2 cyclopes (D:11)
  A gargoyle (D:10)
  A queen bee (D:8)
  A troll (D:9)
  A basilisk (D:7)
  A vampire mosquito (D:10)
  A steam dragon (D:8)
  A water moccasin (D:7)
  An ice beast (D:7)
  2 orc warriors (D:11)
  4 ogres (D:10)
  2 centaurs
  2 bullfrogs
  2 gnoll sergeants
  A necrophage (D:7)
  9 killer bees
  2 howler monkeys
  An orc wizard (D:8)
  6 gnolls
  2 orcs
48 creatures vanquished.

Vanquished Creatures (others)
  4 ancestors
  2 knights (D:10)
  An orc wizard (D:7)
  45 plants
  A withered plant (D:6)
53 creatures vanquished.

Grand Total: 347 creatures vanquished

Notes
Turn   | Place    | Note
-------+----------+-------------------------------------------
     0 | D:1      | nachturnus the Human Fighter began the quest for the Orb.
     0 | D:1      | Reached XP level 1. HP: 18/18 MP: 1/1
   368 | D:1      | Reached XP level 2. HP: 24/24 MP: 2/2
   649 | D:1      | Found a faded altar of an unknown god.
   953 | D:2      | Reached skill level 3 in Axes
   953 | D:2      | Reached XP level 3. HP: 25/29 MP: 3/3
  1176 | D:2      | Reached XP level 4. HP: 32/35 MP: 4/4
  1319 | D:3      | Reached skill level 4 in Axes
  1394 | D:3      | Noticed Jessica
  1409 | D:3      | Killed Jessica
  1574 | D:3      | Reached XP level 5. HP: 29/41 MP: 5/5
  1649 | D:3      | Reached skill level 5 in Axes
  1653 | D:3      | Identified a scroll of acquirement
  1653 | D:3      | Acquired the +2 cloak of Precision Catastrophes {Contam
                  | Will+++ Dex+5}
  1723 | D:3      | Noticed Ijyb
  1745 | D:3      | Killed Ijyb
  1869 | D:3      | Reached XP level 6. HP: 47/47 MP: 6/6
  2283 | D:4      | Reached skill level 6 in Axes
  2570 | D:4      | Reached skill level 7 in Axes
  2570 | D:4      | Reached XP level 7. HP: 44/52 MP: 7/7
  3066 | D:5      | Entered Level 5 of the Dungeon
  3130 | D:5      | Found a hide-covered altar of Uskayaw.
  3150 | D:5      | Reached skill level 8 in Axes
  3275 | D:5      | Noticed a water moccasin
  3296 | D:5      | Killed a water moccasin
  3297 | D:5      | Reached XP level 8. HP: 35/58 MP: 8/8
  3456 | D:5      | Reached skill level 9 in Axes
  3550 | D:5      | Found a hazy altar of Hepliaklqana.
  3556 | D:5      | Became a worshipper of Hepliaklqana the Forgotten
  3859 | D:5      | Found a blossoming altar of Fedhas.
  4212 | D:6      | Found Takuut's Magic Scroll Shoppe.
  4225 | D:6      | Noticed Menkaure
  4348 | D:5      | Killed Menkaure
  4349 | D:5      | Reached skill level 10 in Axes
  4506 | D:5      | Reached XP level 9. HP: 63/63 MP: 9/9
  4568 | D:6      | Reached skill level 11 in Axes
  4728 | D:6      | Reached skill level 12 in Axes
  4804 | D:6      | Found a staircase to the Ecumenical Temple.
  5007 | D:6      | Reached XP level 10. HP: 49/70 MP: 10/10
  5054 | D:6      | Reached skill level 13 in Axes
  5442 | D:7      | Noticed a centaur warrior
  5622 | D:7      | Reached * piety under Hepliaklqana
  5755 | D:7      | Reached skill level 14 in Axes
  5815 | D:7      | Noticed Prince Ribbit
  5851 | D:7      | Killed Prince Ribbit
  6059 | D:7      | Killed a centaur warrior
  6166 | D:7      | Reached skill level 15 in Axes
  6506 | D:7      | Reached XP level 11. HP: 67/67 MP: 11/11
  6573 | D:7      | Reached skill level 5 in Armour
  7443 | D:8      | Found a shadowy altar of Dithmenos.
  7486 | D:8      | Found an ornate altar of the Wu Jian Council.
  7580 | D:9      | Reached ** piety under Hepliaklqana
  7582 | D:9      | Remembered your ancestor Peasant as a knight
  7592 | D:9      | Found a broken altar of Ashenzari.
  7618 | D:9      | Noticed a two-headed ogre
  7624 | D:9      | Killed a two-headed ogre
  7831 | D:9      | Noticed a two-headed ogre
  7838 | D:9      | Killed a two-headed ogre
  8319 | D:9      | Gained mutation: Potions are less effective at restoring
                  | your health. [potion of mutation]
  8319 | D:9      | Gained mutation: You are robust. (+10% HP) [potion of
                  | mutation]
  8320 | D:9      | Lost mutation: Potions are less effective at restoring your
                  | health. [potion of mutation]
  8320 | D:9      | Lost mutation: You are robust. (+10% HP) [potion of
                  | mutation]
  8320 | D:9      | Gained mutation: You have a pair of small horns on your
                  | head. [potion of mutation]
  8320 | D:9      | Gained mutation: Armour fits poorly on your strangely
                  | shaped body. [potion of mutation]
  8320 | D:9      | Gained mutation: You are dopey. (Int -2) [potion of
                  | mutation]
  8323 | D:9      | Lost mutation: You are dopey. (Int -2) [potion of mutation]
  8323 | D:9      | Lost mutation: You have a pair of small horns on your head.
                  | [potion of mutation]
  8323 | D:9      | Lost mutation: Armour fits poorly on your strangely shaped
                  | body. [potion of mutation]
  8323 | D:9      | Gained mutation: You expend magic power (3 MP) to
                  | strengthen your wands. [potion of mutation]
  8323 | D:9      | Lost mutation: You expend magic power (3 MP) to strengthen
                  | your wands. [potion of mutation]
  8323 | D:9      | Gained mutation: You expend magic power (3 MP) to
                  | strengthen your wands. [potion of mutation]
  8353 | D:10     | Entered Level 10 of the Dungeon
  8512 | D:10     | Found a staircase to the Lair.
  8519 | D:10     | Noticed Urug
  8540 | D:10     | HP: 2/100 [Urug/+2 battleaxe (19)]
  8542 | D:10     | Killed Urug
  8543 | D:10     | Reached skill level 10 in Armour
  8851 | D:10     | Reached XP level 12. HP: 64/72 MP: 12/12
  8935 | D:10     | Noticed Lodul
  8963 | D:10     | Reached skill level 5 in Shields
  8968 | D:10     | Killed Lodul
  9044 | D:10     | Noticed Maurice
  9104 | D:10     | Killed Maurice
  9531 | D:11     | Noticed Nergalle
  9688 | D:11     | Noticed a two-headed ogre
  9696 | D:11     | Killed a two-headed ogre
  9899 | D:11     | Killed Nergalle
 10079 | D:11     | Found a staircase to the Orcish Mines.
 10415 | D:12     | Reached skill level 10 in Shields
 10512 | D:12     | Noticed an eight-headed hydra
 10549 | D:13     | Noticed Rupert
 10552 | D:12     | HP: 3/72 [eight-headed hydra (3)]
 10553 | D:12     | Mangled by an eight-headed hydra

Illustrated notes

Levels and vault maps discovered:
D:1:      eino_arrival_water_cross, layout_loops_ring,
          shapermc_ecumenical_altar_venn, nrook_mini_backslash, minmay_3d_cube
D:2:      layout_rooms
D:3:      layout_loops_ring, serial_bayou_pond_d, saegor_snake_ambush,
          uniq_jessica, uniq_ijyb
D:4:      layout_basic, serial_glass, glass_columns_b, glass_columns_b,
          glass_columns_b, glass_columns_c, glass_columns_a, feat_on_display,
          minmay_strange_pillars, minmay_strange_pillars, item_on_display_a,
          minmay_snake_closets
D:5:      layout_basic, mainiacjoe_overflow_six_doors_small,
          mainiacjoe_overflow_big_doors
D:6:      layout_rooms, minmay_temple_entry_proselytizer, serial_undead,
          serial_undead_c, serial_undead_a, serial_undead_a, serial_undead_a,
          serial_undead_d, minmay_crystal_room, nicolae_stop_n_shop_1,
          minmay_misc_feat_secret_circle, minmay_fractal_squares_5,
          uniq_menkaure
D:7:      nzn_winding_woodlands_cross [nzn_winding_woodlands_5x15_crooked,
          nzn_winding_woodlands_5x15_concentric,
          nzn_winding_woodlands_5x15_sidewinder,
          nzn_winding_woodlands_5x15_river_crossing,
          nzn_winding_woodlands_15x15_five_gardens], layout_cave_pods,
          uniq_prince_ribbit1
D:8:      layout_rooms, lemuel_coloured_pillars_altar,
          mainiacjoe_overflow_alcove_2, nicolae_looking_at_the_future
D:9:      layout_loops_ring, nicolae_ashenzari_panopticon
D:10:     layout_long_grid, lair_entry_dummy, uniq_lodul, uniq_maurice,
          uniq_urug
D:11:     layout_roguey, david_orc_3, uniq_nergalle
D:12:     layout_roguey, portal_ice_cave_demonic_guard
D:13:     minmay_the_grid_net [minmay_the_grid_outer_diamond,
          minmay_the_grid_large_cup, minmay_the_grid_aliased_spiral,
          minmay_the_grid_small_cups, minmay_the_grid_empty,
          minmay_the_grid_prize_four_corners_diamond_b], layout_basic,
          minmay_misc_feat_tower, uniq_rupert

Skill      XL: |  1  2  3  4  5  6  7  8  9 10 11 12 |
---------------+-------------------------------------+-----
Axes           | 3 4 5 7 8 10 12 15 | 15.0
Armour         | 4 10 | 10.2
Shields        | 4 10 | 10.0
Fighting       | |  3.0

Action                   |  1- 3 |  4- 6 |  7- 9 | 10-12 || total
-------------------------+-------+-------+-------+-------++-------
Melee: War axe           |    59 |   161 |   296 |   515 ||  1031
       Mace              |       |       |       |     2 ||     2
Invok: Recall Ancestor   |       |       |       |     1 ||     1
       Ancestor Identity |       |       |       |     1 ||     1
       Ancestor Life: Kn |       |       |       |     1 ||     1
  Use: Scroll            |     3 |    13 |     5 |     9 ||    30
       Potion            |       |       |       |    11 ||    11
 Stab: Distracted        |       |       |       |     9 ||     9
Armor: Scale mail        |    22 |       |       |       ||    22
       Plate armour      |    10 |   106 |   242 |   384 ||   742
Dodge: Dodged            |    33 |    36 |    76 |   106 ||   251
Block: Buckler           |    19 |    41 |   110 |   171 ||   341
